 Dungeon Crawl Stone Soup version 0.28.0-47-ge53b351184 (webtiles) character file.

Game seed: 16624121070216562308

54 firemarshallily the Sneak (level 3, 0/29 HPs)
             Began as a Demonspawn Delver on Apr 25, 2022.
             Was an Initiate of Gozag.
             Slain by a gnoll
             ... wielding a +0 spear
              (6 damage)
             ... on level 2 of the Dungeon.
             The game lasted 00:07:14 (1461 turns).

firemarshallily the Sneak (Demonspawn Delver)       Turns: 1461, Time: 00:07:14

Health: 0/29       AC:  4    Str: 14    XL:     3   Next: 66%
Magic:  3/3        EV: 11    Int: 11    God:    Gozag
Gold:   209        SH:  0    Dex: 14    Spells: 2/2 levels left

rFire   + . .      SeeInvis .   a - +0 hand axe
rCold   + . .      Faith    .   (no shield)
rNeg    . . .      Spirit   .   b - +0 leather armour
rPois   .          Reflect  .   (no helmet)
rElec   .          Harm     .   j - scarf {rC+ rF+}
rCorr   .          Rampage  .   h - +0 pair of gloves
Will    .....                   (no boots)
Stlth   ++........              (no amulet)
HPRegen 0.09/turn               (no ring)
MPRegen 0.16/turn               (no ring)

@: hasted, very quick
A: magic regeneration
a: Renounce Religion, Potion Petition, Call Merchant, Bribe Branch


You were on level 2 of the Dungeon.
You worshipped Gozag.
Gozag was aware of your devotion.
You visited 1 branch of the dungeon, and saw 5 of its levels.

You collected 209 gold pieces.

Inventory:

Hand Weapons
 a - a +0 hand axe (weapon)
Missiles
 m - 4 boomerangs (quivered)
Armour
 b - a +0 leather armour (worn)
 h - a +0 pair of gloves (worn)
 j - a scarf of resistance (worn)
 n - a +0 ring mail
Wands
 g - a wand of digging (3)
Scrolls
 c - a scroll of fog
 d - 2 scrolls of magic mapping
 e - a scroll of fear
Potions
 k - a potion of flight {unknown}
 p - a potion of curing {unknown}
 q - a potion of brilliance {unknown}


   Skills:
 + Level 3.3 Fighting
 * Level 2.7 Axes
 * Level 1.7 Armour
 - Level 1.7 Dodging
 - Level 4.5 Stealth


You had 2 spell levels left.
You didn't know any spells.
Your spell library was empty.

Dungeon Overview and Level Annotations

Branches:
Dungeon (5/15)
 Temple: D:4-7

Altars:
Gozag
Xom

Shops:
D:2 !

Annotations:
D:2 Robin
D:4 Pargi


Innate Abilities, Weirdness & Mutations

You regenerate magic rapidly.


Message History

Press: ? - help, Q - select action, (/) - cycle Shift-Dir - straight line, f/p - gnoll
Aim: a gnoll, wielding a +0 whip (63% to hit)
You throw a boomerang. The boomerang barely misses the gnoll.
The gnoll shouts!
A gnoll comes into view. It is wielding a +0 spear.
An endoplasm comes into view.
A gnoll comes into view. It is wielding a +0 halberd.
You hit the gnoll but do no damage. The gnoll hits you with a +0 whip.
You closely miss the gnoll. The gnoll barely misses you.
You closely miss the gnoll. The gnoll closely misses you.
You slash the gnoll!
The gnoll is heavily wounded.
The gnoll hits you with a +0 whip. The gnoll hits you but does no damage.
You hit the gnoll.
The gnoll is almost dead.
The gnoll hits you with a +0 whip.
You slash the gnoll!
You kill the gnoll!
You barely miss the gnoll. The gnoll hits you with a +0 flail.
You closely miss the gnoll. The gnoll misses you.
You barely miss the gnoll. You punch the gnoll.
The gnoll is lightly wounded.
The gnoll hits you with a +0 flail.
Okay, then.
Robin and 3 goblins come into view.
The gnoll closely misses you.
You closely miss the gnoll. The gnoll closely misses you.
You hit the gnoll.
The gnoll is lightly wounded.
The gnoll hits you with a +0 flail!
* * * LOW HITPOINT WARNING * * *
You feel yourself speed up. The gnoll hits you but does no damage.
A goblin and an endoplasm come into view.
The goblin is wielding a +0 dagger of speed.
A rat comes into view.
Found 4 large rocks.
Found Yhoeph's Distillery.
The gnoll hits you from afar with a +0 spear.
You die...
Your body crumbles into a pile of gold.

#.# #.#
#.##..#
..# #.#
#.##.g#
..# #.#
#.##..#
... ...
#.##.r#
#..# .
######..##
.
.....g...#
g
....##..##
### #.@#
.........#
g
###.##..##
.. #..# .
.. ...# .
. ##..#
#..# #..#


You could see a gnoll, a goblin and a rat.

Vanquished Creatures
  A gnoll (D:2)
  A dart slug (D:1)
  8 ball pythons (D:1)
  5 endoplasms
  3 giant cockroaches
  2 hobgoblins (D:1)
  3 quokkas
  7 bats
  2 frilled lizards
  4 goblins
  A kobold (D:1)
  3 rats (D:1)
40 creatures vanquished.

Notes
Turn   | Place    | Note
-------+----------+-------------------------------------------
     0 | D:5      | firemarshallily the Demonspawn Delver began the quest for
                  | the Orb.
     0 | D:5      | Reached XP level 1. HP: 18/18 MP: 1/1
     4 | D:4      | Noticed Pargi
   381 | D:2      | Found a shimmering altar of Xom.
   401 | D:2      | Gained mutation: You regenerate magic rapidly. [demonic
                  | ancestry]
   401 | D:2      | Reached XP level 2. HP: 16/24 MP: 2/2
   522 | D:1      | Found a faded altar of an unknown god.
   540 | D:1      | Reached skill level 1 in Armour
   541 | D:1      | Prayed at the altar of an unknown god.
   541 | D:1      | Became a worshipper of Gozag Ym Sagoz the Greedy
   672 | D:1      | Reached XP level 3. HP: 20/29 MP: 3/3
  1418 | D:2      | Noticed Robin
  1446 | D:2      | Found Yhoeph's Distillery.
  1461 | D:2      | Slain by a gnoll

Illustrated notes

Levels and vault maps discovered:
D:1:      nicolae_arrival_memento_mori, layout_basic,
          hellmonk_ecumenical_altar_blasted
D:2:      layout_basic, serial_shops, shop, basic_altar, uniq_robin
D:3:      layout_basic, minmay_unequal
D:4:      layout_loops_ring, lightli_temple_of_fire, uniq_pargi
D:5:      layout_loops_cross, nicolae_vehumet_altar_sigil, temple_statues,
          uniq_duvessa

Skill      XL: |  1  2 |
---------------+-------+-----
Axes           | 2 |  2.7
Armour         | 1 |  1.7
Fighting       | |  3.3
Dodging        | |  1.7
Stealth        | |  4.5

Action                   || total
-------------------------++-------
Melee: Hand axe          ||   110
       Punch             ||     3
Throw: Boomerang         ||     7
  Use: Scroll            ||     3
       Potion            ||     1
 Stab: Sleeping          ||     7
Armor: Leather armour    ||    34
Dodge: Dodged            ||    79
